 Dungeon Crawl Stone Soup version 0.26-a0-651-gb41185065b (webtiles) character file.

Game seed: 4912544183336205143

195 Lanoc the Firebug (level 5, 0/38 HPs)
             Began as a Draconian Fire Elementalist on Oct 7, 2020.
             Killed from afar by an orc wizard (8 damage)
             ... with a puff of flame
             ... on level 4 of the Dungeon.
             The game lasted 00:05:24 (3443 turns).

Lanoc the Firebug (Draconian Fire Elementalist)     Turns: 3443, Time: 00:05:25

Health: 0/38       AC:  5    Str: 10    XL:     5   Next: 45%
Magic:  2/8        EV: 13    Int: 16    God:
Gold:   150        SH:  5    Dex: 12    Spells: 7/8 levels left

rFire    . . .     SeeInvis .   (no weapon)
rCold    . . .     Faith    .   (no shield)
rNeg     . . .     Spirit   .   (armour unavailable)
rPois    .         Reflect  +   (helmet restricted)
rElec    .         Harm     .   (no cloak)
rCorr    .         Rampage  .   (no gloves)
MR       .....                  (no boots)
Stlth    ++........             b - amulet of reflection
HPRegen  0.12/turn              (no ring)
MPRegen  0.11/turn              (no ring)

@: no status effects
A: unfitting armour, cold-blooded, AC +5
a: no special abilities


You were on level 4 of the Dungeon.
You visited 1 branch of the dungeon, and saw 4 of its levels.

You collected 150 gold pieces.

Inventory:

Missiles
 i - 7 curare-tipped darts (quivered)
Jewellery
 b - an amulet of reflection (around neck)
Wands
 g - a wand of paralysis (12)
Scrolls
 e - 7 scrolls of identify {unknown}
 h - a scroll of noise {unknown}
 j - 2 scrolls of remove curse {unknown}
 k - a scroll of amnesia {unknown}
Potions
 d - a potion of mutation {unknown}
 f - a potion of stabbing {unknown}
 l - a potion of degeneration {unknown}


   Skills:
 + Level 3.2 Dodging
 - Level 1.7 Stealth
 - Level 2.0 Spellcasting
 - Level 1.0 Conjurations
 * Level 5.4 Fire Magic


You had 7 spell levels left.
You knew the following spells:

 Your Spells              Type           Power        Failure   Level
a - Foxfire               Conj/Fire      ##..         5%          1

Your spell library contained the following spells:

 Spells                   Type           Power        Failure   Level
 Conjure Flame            Conj/Fire      ##......     17%         3
 Inner Flame              Hex/Fire       ##......     21%         3
 Sticky Flame             Conj/Fire      ##......     50%         4
 Fireball                 Conj/Fire      ##........   83%         5


Dungeon Overview and Level Annotations

Branches:
Dungeon (4/15)
 Temple: D:4-7

Altars:


Innate Abilities, Weirdness & Mutations

Your plain brown scales are hard. (AC +5)
You cannot fit into any form of body armour.
You are cold-blooded and may be slowed by cold attacks.


Message History

* * * LOW HITPOINT WARNING * * *
Casting: Foxfire (safe; 5% risk of failure)
Confirm with . or Enter, or press ? or * to list all spells.
You conjure some foxfire!
The orc wizard hits you but does no damage.
It was a potion of curing.
You feel better.
The foxfire hits the orc wizard.
The orc wizard is lightly wounded.
The foxfire hits the orc wizard but does no damage.
The orc wizard is lightly wounded.
The orc wizard gestures at you while chanting.
The puff of frost hits you.
* * * LOW HITPOINT WARNING * * *
You block the orc wizard's attack.
It was a potion of cancellation.
You feel magically purged.
The orc wizard hits you with a +0 dagger.
* * * LOW HITPOINT WARNING * * *
You feel better.
The orc wizard gestures at you while chanting.
The puff of flame hits you!
You die...

.......).......#.#.###.#
.......###..####.#.....#.####
####...# #...# #.#..##.#o...#
...#...###.#.###.#..#######.#
...#...#......##.#........#.#
...#...#....#.##.#......#.#.#
...#...#....#..#.#####.##.#.##
...#...#................#.#)[####
...#...#....##..@#####..#.#.....#
...#####....###.o# ####.##.####
...# #....# #..# #.##.# ...#
#....# #..# #.##.# ...# #....#
##.########.##o# ...# #....#
#>.........##.# ...# #....#
#.###########.# ...#
#....####'##..o.o.....# ...#
#..........#.##########


You could see an orc wizard (fast).

Vanquished Creatures
  A hound (D:4)
  An orc wizard (D:4)
  A worker ant (D:4)
  6 gnolls
  An ooze (D:2)
  A worm (D:2)
  A dart slug (D:2)
  2 leopard geckos (D:1)
  9 orcs
  2 bats
  4 goblins
  2 hobgoblins (D:3)
  3 jackals (D:1)
  2 quokkas (D:2)
  A frilled lizard (D:2)
  4 rats
41 creatures vanquished.

Vanquished Creatures (others)
  A gnoll (D:3)
  173 foxfires
174 creatures vanquished.

Grand Total: 215 creatures vanquished

Notes
Turn   | Place    | Note
-------+----------+-------------------------------------------
     0 | D:1      | Lanoc the Draconian Fire Elementalist began the quest for
                  | the Orb.
     0 | D:1      | Reached XP level 1. HP: 14/14 MP: 3/3
   556 | D:1      | Reached XP level 2. HP: 17/20 MP: 0/5
  1221 | D:2      | Reached XP level 3. HP: 26/26 MP: 4/6
  1426 | D:3      | Reached skill level 4 in Fire Magic
  1675 | D:2      | Reached XP level 4. HP: 33/33 MP: 2/7
  3156 | D:4      | Reached skill level 5 in Fire Magic
  3156 | D:4      | Reached XP level 5. HP: 31/38 MP: 3/8
  3443 | D:4      | Killed from afar by an orc wizard

Illustrated notes

Levels and vault maps discovered:
D:1:      tarquinn_simple_flora_water_e, layout_basic, xom_teletrap_fun
D:2:      layout_basic, moated_statue, minmay_misc_feat_tower,
          grunt_ministairs_2, minmay_misc_feat_nine_boxes, minivault_5
D:3:      layout_basic
D:4:      layout_basic, uniq_pikel

Skill      XL: |  1  2  3  4 |
---------------+-------------+-----
Dodging        | 2 3 |  3.2
Fire Magic     | 4 5 |  5.4
Stealth        | |  1.7
Spellcasting   | |  2.0
Conjurations   | |  1.0

Action                   |  1- 3 |  4- 6 || total
-------------------------+-------+-------++-------
Melee: Unarmed           |    39 |    13 ||    52
       Tailslap          |     4 |     4 ||     8
 Cast: Foxfire           |    46 |    55 ||   101
  Use: Potion            |       |     3 ||     3
Armor: Skin              |    24 |     8 ||    32
Dodge: Dodged            |    59 |    22 ||    81
Block: Other             |    14 |     9 ||    23
       Reflection        |       |     4 ||     4

Table legend: (Time is in decaauts)
 A = Elapsed time spent in this place.
 B = Non-inter-level travel time spent in this place.
 C = Inter-level travel time spent in this place.
 D = Time resting spent in this place.
 E = Time spent auto-exploring this place.
 F = Levels seen in this place.
 G = Mean time per level.
                   A        B        C        D        E       F      G
               +--------+--------+--------+--------+--------+-----+--------+
         Total |   3447 |   3345 |    102 |    296 |   2519 |   4 |  861.8 |
       Dungeon |   3447 |   3345 |    102 |    296 |   2519 |   4 |  861.8 |
               +--------+--------+--------+--------+--------+-----+--------+

Top non-repeatable levels by time:
     D:2: 1135 daAuts
     D:3: 1053 daAuts
     D:1: 657 daAuts
     D:4: 601 daAuts
